 Dungeon Crawl Stone Soup version 0.29.1-15-g9cfb28693d (webtiles) character file.

Game seed: 5842058291768515477

609 dudediamond6 the Covert (level 7, -3/44 (49) HPs)
             Began as an Octopode Brigand on Feb 23, 2023.
             Slain by a necrophage (6 damage)
             ... on level 7 of the Dungeon.
             The game lasted 00:06:11 (4218 turns).

dudediamond6 the Covert (Octopode Brigand)          Turns: 4218, Time: 00:06:12

HP:   -3/44 (49)    AC:  1    Str: 11    XL:     7   Next: 43%
MP:   7/7           EV: 13    Int: 13    God:
Gold: 178           SH:  0    Dex: 15    Spells: 6/6 levels left

rFire   . . .      SeeInvis .   g - +2 dagger (speed)
rCold   . . .      Faith    .   (no shield)
rNeg    . . .      Spirit   .   (helmet restricted)
rPois   .          Reflect  .   (no amulet)
rElec   .          Harm     .   (no ring)
rCorr   .          Rampage  .   (no ring)
Will    .....                   (no ring)
Stlth   +++++.....              (no ring)
HPRegen 0.14/turn               (no ring)
MPRegen 0.10/turn               (no ring)
                                (no ring)
                                (no ring)

@: studying Maces & Flails, heavily drained
A: almost no armour, amphibious, 8 rings, camouflage 1, gelatinous body 1,
(nimble swimmer 1), tentacles
a: no special abilities


You were on level 7 of the Dungeon.
You visited 1 branch of the dungeon, and saw 6 of its levels.

You collected 178 gold pieces.

Inventory:

Hand Weapons
 g - a +2 dagger of speed (weapon)
Missiles
 b - 14 poisoned darts (quivered)
 c - 3 curare-tipped darts
Jewellery
 i - a ring of ice
 p - a ring of resist corrosion
Scrolls
 d - 3 scrolls of immolation
 k - a scroll of vulnerability
 l - a scroll of poison {unknown}
 n - a scroll of identify
 r - 2 scrolls of silence {unknown}
 s - 2 scrolls of magic mapping {unknown}
 t - a scroll of acquirement {unknown}
Potions
 a - a potion of brilliance {unknown}
 e - a potion of haste {unknown}
 f - 2 potions of mutation {unknown}
 h - 5 potions of curing
 j - 2 potions of magic
 m - 2 potions of heal wounds {unknown}
 o - a potion of degeneration {unknown}
 q - a potion of attraction {unknown}
 u - 2 potions of might {unknown}


   Skills:
 * Level 4.5 Fighting
 + Level 4.2 Short Blades
 - Level 2.0 Throwing
 * Level 1.3 Dodging
 + Level 9.3 Stealth


You had 6 spell levels left.
You didn't know any spells.
Your spell library contained the following spells:

 Spells                   Type           Power      Damage    Failure   Level
 Conjure Flame            Conj/Fire      0%         6-21      67%         3
 Ignite Poison            Fire/Tmut/Pois 0%         N/A       67%         3
 Sticky Flame             Conj/Fire      0%         2d3       97%         4


Dungeon Overview and Level Annotations

Branches:
Dungeon (5/15)
 Temple: D:4-7

Altars:
Nemelex Xobeh
Sif Muna
Uskayaw
Yredelemnul
Zin


Innate Abilities, Weirdness & Mutations

You cannot wear most types of armour.
You are amphibious.
You can wear up to eight rings at the same time.
Your skin changes colour to match your surroundings (Stealth+).
Your rubbery body absorbs attacks. (AC +1, EV +1)
((You are camouflaged when in or above water. (Stealth+)))
You have tentacles for arms and can constrict up to eight enemies at once.


Message History

The necrophage attacks as you move away!
The necrophage hits you but does no damage.
The necrophage attacks as you move away!
The necrophage hits you.
You feel drained.
The two-headed ogre attacks as you move away!
The two-headed ogre hits you with a +0 giant club!
The two-headed ogre misses you.
The necrophage attacks as you move away!
The necrophage misses you.
An orc comes into view. It is wielding a +0 falchion.
The necrophage attacks as you move away!
The necrophage hits you.
You feel drained.
The necrophage attacks as you move away!
The necrophage hits you!
You feel drained.
The necrophage attacks as you move away!
The necrophage hits you!
* * * LOW HITPOINT WARNING * * *
The necrophage attacks as you move away!
The necrophage hits you.
* * * LOW HITPOINT WARNING * * *
The necrophage attacks as you move away!
The necrophage hits you.
* * * LOW HITPOINT WARNING * * *
You feel drained.
* * * LOW HITPOINT WARNING * * *
The necrophage attacks as you move away!
The necrophage closely misses you.
A bullfrog comes into view.
The necrophage attacks as you move away!
The necrophage hits you.
* * * LOW HITPOINT WARNING * * *
Found a stone staircase leading down.
The necrophage attacks as you move away!
The necrophage misses you.
The necrophage attacks as you move away!
The necrophage barely misses you.
You hear the faint creaking of a very distant portcullis.
There is a stone staircase leading down here.
The necrophage hits you.
You die...

#......####
##........####
###.........####
##...........#.
##o...........
##...F.......
##O.........
##.n.......
##@.####. ##..#
#..# ##.# #.. ..
.


You could see a two-headed ogre, a necrophage, a bullfrog (asleep) and an orc.

Vanquished Creatures
  3 phantoms
  A scorpion (D:4)
  2 hounds (D:4)
  An orc priest (D:5)
  A jelly (D:4)
  An iguana (D:4)
  2 orc wizards (D:5)
  5 adders
  A white imp (D:5)
  3 worms
  6 orcs
  7 ball pythons
  5 bats
  2 endoplasms
  2 giant cockroaches (D:1)
  6 goblins
  5 hobgoblins
  5 jackals
  A quokka (D:1)
  3 frilled lizards
  7 kobolds
  9 rats
78 creatures vanquished.

Notes
Turn   | Place    | Note
-------+----------+-------------------------------------------
     0 | D:1      | dudediamond6 the Octopode Brigand began the quest for the
                  | Orb.
     0 | D:1      | Reached XP level 1. HP: 14/14 MP: 1/1
   106 | D:1      | Found a faded altar of an unknown god.
   290 | D:1      | Reached XP level 2. HP: 19/19 MP: 2/2
   535 | D:1      | Reached skill level 6 in Stealth
   825 | D:1      | Reached XP level 3. HP: 24/24 MP: 3/3
  1798 | D:3      | Noticed a phantom
  1811 | D:3      | Killed a phantom
  1812 | D:3      | Reached skill level 7 in Stealth
  1812 | D:3      | Reached XP level 4. HP: 23/30 MP: 4/4
  2046 | D:3      | Reached XP level 5. HP: 35/35 MP: 5/5
  2829 | D:4      | Noticed a phantom
  2853 | D:4      | Killed a phantom
  2854 | D:4      | Reached XP level 6. HP: 14/42 MP: 6/6
  3167 | D:4      | Reached skill level 8 in Stealth
  3178 | D:4      | Found a shimmering blue altar of Sif Muna.
  3178 | D:4      | Found a glowing silver altar of Zin.
  3185 | D:4      | Found a sparkling altar of Nemelex Xobeh.
  3187 | D:4      | Found a faded altar of an unknown god.
  3189 | D:4      | Found a basalt altar of Yredelemnul.
  3893 | D:5      | Entered Level 5 of the Dungeon
  3916 | D:5      | Reached skill level 9 in Stealth
  3916 | D:5      | Reached XP level 7. HP: 44/49 MP: 7/7
  3995 | D:5      | Found a hide-covered altar of Uskayaw.
  4167 | D:5      | You fall into a shaft and drop 2 floors!
  4171 | D:7      | Noticed a two-headed ogre
  4209 | D:7      | HP: 2/44 [necrophage (3)]
  4218 | D:7      | Slain by a necrophage

Illustrated notes

Levels and vault maps discovered:
D:1:      dpeg_arrival_fog, layout_basic, hellmonk_ecumenical_altar_zigzags
D:2:      layout_rooms
D:3:      layout_basic
D:4:      layout_basic, chequers_temple_overflow_minitemple,
          corexii_checkpoint_a, nicolae_titane
D:5:      layout_loops_ring, xom_redecorated, amcnicky_altar_gilded,
          nrook_mini_vaults, nicolae_stop_n_shop_1
D:7:      layout_cave_pods, minmay_temple_entry_proselytizer, enter_bailey_3,
          dreamdust_wishing_well, hangedman_minor_gate_pass, uniq_menkaure

Skill      XL: |  1  2  3  4  5  6 |
---------------+-------------------+-----
Stealth        | 6 7 9 |  9.3
Short Blades   | 3 4 |  4.2
Fighting       | 3 4 |  4.5
Throwing       | |  2.0
Dodging        | |  1.3

Action                   |  1- 3 |  4- 6 |  7- 9 || total
-------------------------+-------+-------+-------++-------
Melee: Dagger            |    61 |    79 |    41 ||   181
       Constrict         |     8 |    14 |     7 ||    29
       Tentacles         |    10 |    11 |    13 ||    34
  Use: Scroll            |       |     5 |       ||     5
 Stab: Sleeping          |    17 |    15 |       ||    32
Armor: Skin              |     1 |     3 |     3 ||     7
Dodge: Dodged            |    18 |    28 |    19 ||    65
